 Dungeon Crawl Stone Soup version 0.31.0-1-g2c135a008e (console) character file.

Game seed: 8804552660275244499

1353 AlterAsc the Changeling (level 8, 0/64 HPs)
             Began as a Spriggan Shapeshifter on Jan 21, 2024.
             Succumbed to a gnoll sergeant's poison
             ... on level 5 of the Dungeon.
             The game lasted 00:23:29 (5580 turns).

AlterAsc the Changeling (Spriggan Shapeshifter)     Turns: 5580, Time: 00:23:29

Health: 0/64       AC: 24    Str: 16    XL:     8   Next: 36%
Magic:  9/9        EV:  4    Int: 11    God:
Gold:   233        SH:  0    Dex: 17    Spells: 7/7 levels left

rFire   . .          .
                       - Unarmed
rCold   . . .        (no shield)
rNeg    . . .        a - melded +0 animal skin
rPois   +            (helmet currently unavailable)
rElec   .            (cloak currently unavailable)
rCorr   .            (gloves unavailable)
SInv    +            (boots unavailable)
Will    +....        (no amulet)
Stlth   ++           n - +6 ring of strength
HPRegen 0.30/turn    C - +5 ring of evasion
MPRegen 0.11/turn

%: no passive effects
@: lethally poisoned (0 -> -24), tree-form
A: stationary, stasis, torment immunity, boosted hp, very small, no large
weapons, unfitting armour, see invisible, (speed 3)
a: no special abilities


You were on level 5 of the Dungeon.
You were a tree.
You visited 1 branch of the dungeon, and saw 5 of its levels.
You also visited: Ossuary.

You collected 233 gold pieces.

Inventory:

Missiles
 q - 5 poisoned darts (quivered)
Armour
 a - a +0 animal skin (melded)
Jewellery
 n - a +6 ring of strength (left branch)
 v - a +6 ring of intelligence
 C - a +5 ring of evasion (right branch)
Talismans
 c - a beast talisman
 d - a flux talisman (active)
Scrolls
 e - a scroll of enchant armour {unknown}
 f - 2 scrolls of identify
 g - a scroll of revelation {unknown}
 h - a scroll of silence {unknown}
 i - a scroll of fear {unknown}
 j - a scroll of immolation {unknown}
 k - 2 scrolls of butterflies {unknown}
 p - a scroll of amnesia {unknown}
 s - a scroll of poison {unknown}
 u - a scroll of enchant weapon {unknown}
 y - a scroll of vulnerability {unknown}
 B - a scroll of fog {unknown}
Potions
 b - 2 potions of lignification
 l - 3 potions of mutation
 m - 2 potions of resistance {unknown}
 o - 5 potions of haste
 r - a potion of might {unknown}
 t - 4 potions of brilliance
 w - a potion of curing {unknown}
 x - 2 potions of enlightenment
 z - 2 potions of attraction {unknown}
 A - a potion of cancellation {unknown}
 D - a potion of heal wounds {unknown}
 E - a potion of ambrosia {unknown}


   Skills:
 + Level 5.0 Fighting
 + Level 5.5 Dodging
 + Level 5.2 Unarmed Combat
 - Level 7.0 Shapeshifting


You had 7 spell levels left.
You didn't know any spells.
Your spell library contained the following spells:

 Spells                   Type           Power      Damage    Failure   Level
 Foxfire                  Conj/Fire      0%         2x1d4     34%         1


Dungeon Overview and Level Annotations

Branches:
Dungeon (5/15)            Ossuary (visited)
 Temple: D:4-7

Altars:
Hepliaklqana
Kikubaaqudgha
Nemelex Xobeh
Sif Muna
Trog
Vehumet


Innate Abilities, Weirdness & Mutations

You are a tree.
Your roots penetrate the ground, keeping you stationary.
You cannot be teleported.
You are immune to unholy pain and torment.
Your maximum health is greatly increased.
Your equipment is partially melded.
You are very small and have problems with some larger weapons.
You are too small for most types of armour.
You have supernaturally acute eyesight. (SInv)
((You cover ground extremely quickly. (Speed+++)))


Message History

HP restored.
You now have 233 gold pieces (gained 13).
A white imp and a gnoll come into view.
The white imp shouts, "Embrace thy failure, thou qualling fool-born vulture!"
The gnoll shouts!
You hear a shout!
A gnoll comes into view. It is wielding a +0 halberd.
The gnoll shouts!
The white imp gestures at you. The puff of frost misses you.
The gnoll moves out of view.
A gnoll sergeant comes into view. It is wielding a +4 spear of venom.
The gnoll sergeant shouts!
You hear a shout!
A gnoll comes into view. It is wielding a +0 club.
The gnoll shouts!
The gnoll moves out of view.
A gnoll comes into view. It is wielding a +0 club.
The gnoll shouts!
You hear a shout!
The white imp gestures at you. The puff of frost hits you!
A gnoll comes into view. It is wielding a +0 club.
The gnoll completely misses you.
You hit the gnoll.
The gnoll begins to glow.
The gnoll is moderately wounded.
You completely miss the gnoll.
The gnoll is moderately wounded.
The gnoll hits you with a +0 club.
You hit the gnoll.
The gnoll glows dangerously bright.
The gnoll is moderately wounded.
The gnoll sergeant hits you from afar with a +4 spear of venom!!
You are lethally poisoned!
The gnoll hits you with a +0 club!
* * * LOW HITPOINT WARNING * * *
* * * LOW HITPOINT WARNING * * *
You feel very sick.
Really quaff the potion of lignification?
Your transformation has ended.
Your +0 animal skin unmelds from your body.
You turn into a tree.
Your +0 animal skin melds into your body.
Your roots penetrate the ground.
You die...

################# ####
.#......##...)..##... .
.#.....##..##†.##..# ..#
.#.#..##..##..##...##g...
)..#.##..##..##..g5gg.#
...#....##......♣..#
#...########.####### ###.†##
#...# ##..## #.### ##..###.#
##.....# #.##### ###### ######.#
#####~≈≈~~~ .......#
#######..........
.......#####.........#
.......##....######.############.


You could see a gnoll sergeant, 3 gnolls and a white imp.

Vanquished Creatures
  An ice beast (D:5)
  A black bear (D:5)
  3 centaurs (D:5)
  A phantom (D:5)
  3 elf zombies (Ossuary)
  A scorpion (D:4)
  A centaur zombie (Ossuary)
  2 hounds
  A human zombie (Ossuary)
  6 orc wizards (D:5)
  5 hound zombies (Ossuary)
  2 mummies (Ossuary)
  5 gnolls
  4 adders
  7 adder zombies (Ossuary)
  4 dart slugs
  A ribbon worm (D:2)
  7 orcs
  3 ball pythons
  4 endoplasms
  2 giant cockroaches
  10 goblins
  3 hobgoblins
  11 jackals
  4 quokkas
  6 bats
  4 frilled lizards
  4 gnoll zombies (Ossuary)
  7 jackal zombies (Ossuary)
  9 kobolds
  4 kobold zombies (Ossuary)
  5 orc zombies (Ossuary)
  3 rats (D:1)
134 creatures vanquished.

Notes
Turn   | Place    | Note
-------+----------+-------------------------------------------
     0 | D:1      | AlterAsc the Spriggan Shapeshifter began the quest for the
                  | Orb.
     0 | D:1      | Reached XP level 1. HP: 9/9 MP: 2/2
   160 | D:1      | Reached skill level 1 in Fighting
   179 | D:1      | Reached XP level 2. HP: 10/14 MP: 3/3
   961 | D:2      | Reached XP level 3. HP: 18/18 MP: 4/4
  1527 | D:3      | Reached skill level 5 in Shapeshifting
  1598 | D:3      | Reached XP level 4. HP: 10/23 MP: 5/5
  1897 | D:3      | Found a faded altar of an unknown god.
  2202 | D:4      | Found a sparkling altar of Nemelex Xobeh.
  2369 | D:4      | Found a hazy altar of Hepliaklqana.
  2447 | D:4      | Reached XP level 5. HP: 18/26 MP: 6/6
  2506 | D:4      | Reached skill level 6 in Shapeshifting
  2881 | D:5      | Entered Level 5 of the Dungeon
  3038 | D:4      | Found a sand-covered staircase.
  3044 | Ossuary  | Entered an ossuary
  3173 | Ossuary  | Reached XP level 6. HP: 28/32 MP: 7/7
  3544 | Ossuary  | Reached skill level 7 in Shapeshifting
  3903 | Ossuary  | Reached XP level 7. HP: 28/36 MP: 8/8
  4972 | D:5      | Found a shimmering blue altar of Sif Muna.
  4985 | D:5      | Found an ancient bone altar of Kikubaaqudgha.
  5042 | D:5      | Found a radiant altar of Vehumet.
  5193 | D:5      | Got Vehumet's Spellbook of Striking
  5236 | D:5      | Reached XP level 8. HP: 31/42 MP: 9/9
  5286 | D:5      | Reached skill level 5 in Unarmed Combat
  5330 | D:5      | Reached skill level 5 in Dodging
  5338 | D:5      | Reached skill level 5 in Fighting
  5443 | D:5      | Found a bloodstained altar of Trog.
  5580 | D:5      | Succumbed to a gnoll sergeant's poison

Illustrated notes

Levels and vault maps discovered:
D:1:      dpeg_arrival_short_road, layout_loops_ring
D:2:      layout_loops_ring, roderic_nine_men_s_morris
D:3:      layout_rooms, shapermc_ecumenical_altar_flowoftime,
          lexackson_kobold_supper
D:4:      layout_basic, mainiacjoe_overflow_surrounded_room,
          kennysheep_little_box, enter_ossuary_5
D:5:      minmay_thinvault, layout_basic, palyth_temple_overflow_mages,
          general_overflow_altar, zin_academy, chequers_decorated_corner,
          roderic_roman_lattice, hangedman_abyss_or_decor_stagger,
          amcnicky_mini_rare_corridor_liquid, uniq_crazy_yiuf_cottage

Skill      XL: |  1  2  3  4  5  6  7  8 |
---------------+-------------------------+-----
Fighting       | 1 2 3 4 5 |  5.0
Dodging        | 3 4 5 |  5.5
Shapeshifting  | 5 6 7 |  7.0
Unarmed Combat | 3 4 5 |  5.2

Action                     |  1- 3 |  4- 6 |  7- 9 || total
---------------------------+-------+-------+-------++-------
  Melee: Unarmed           |   103 |   321 |   133 ||   557
         Punch             |     3 |       |       ||     3
    Use: Scroll            |       |     1 |     3 ||     4
         Potion            |       |       |     2 ||     2
   Stab: Sleeping          |     4 |       |       ||     4
 Armour: Animal skin       |    19 |       |       ||    19
         Skin              |     2 |    70 |    29 ||   101
  Dodge: Dodged            |    60 |   285 |   124 ||   469
   Form: Beast             |     2 |       |       ||     2
                           |     1 |       |       ||     1
         Flux              |     1 |       |       ||     1
